 Dungeon Crawl Stone Soup version 0.23.2-1-ga50397a (webtiles) character file.

Game seed: 1488487739107981834

585 myga the Insei (level 7, -3/52 HPs)
             Began as a Gnoll Transmuter on May 18, 2019.
             Shot with an arrow by a centaur (16 damage)
             ... on level 5 of the Dungeon.
             The game lasted 00:17:26 (3617 turns).

myga the Insei (Gnoll Transmuter)                   Turns: 3617, Time: 00:17:26

Health: -3/52      AC:  2    Str: 15    XL:     7   Next: 37%
Magic:  13/15      EV: 24    Int: 15    God:
Gold:   99         SH:  0    Dex: 20    Spells: 2/17 levels left

rFire    . . .     SeeInvis .     - Unarmed
rCold    . . .     Gourm    .   (shield currently unavailable)
rNeg     . . .     Faith    .   (armour currently unavailable)
rPois    x         Spirit   .   (helmet currently unavailable)
rElec    .         Reflect  .   (cloak currently unavailable)
rCorr    .         Harm     .   (gloves currently unavailable)
MR       .....                  (boots currently unavailable)
Stlth    ++........             (no amulet)
HPRegen  0.17/turn              (no ring)
MPRegen  0.14/turn              (no ring)

@: spider-form
A: tiny, distributed training, strong nose
a: End Transformation


You were on level 5 of the Dungeon.
You were not hungry.
You were a venomous arachnid creature.
You visited 1 branch of the dungeon, and saw 5 of its levels.

You collected 165 gold pieces.
You spent 66 gold pieces at shops.

Inventory:

Missiles
 a - 90 arrows
 e - 103 stones (quivered)
Armour
 b - a +0 robe (melded)
 l - the +0 helmet "Oqizuol" (melded) {Slay+5}
   (You took it off Robin on level 2 of the Dungeon)

   It affects your accuracy and damage with ranged weapons and melee attacks
   (+5).
 m - a +2 cloak (melded)
Wands
 f - a wand of flame (16)
Scrolls
 c - 3 scrolls of teleportation
 k - 4 scrolls of remove curse
 n - a scroll of identify
 q - a scroll of amnesia
Potions
 h - a potion of berserk rage
 j - 3 potions of curing
 o - a potion of flight
 p - 2 potions of heal wounds
 r - a potion of ambrosia
Comestibles
 d - 12 rations
 g - 2 chunks of flesh


   Skills:
 + Level 3.5 Fighting
 + Level 2.4 Short Blades
 + Level 2.4 Long Blades
 + Level 2.4 Axes
 + Level 2.4 Maces & Flails
 + Level 2.4 Polearms
 + Level 2.4 Staves
 + Level 2.4 Slings
 + Level 2.4 Bows
 + Level 2.4 Crossbows
 + Level 2.4 Throwing
 + Level 2.4 Armour
 + Level 5.2 Dodging
 + Level 2.4 Stealth
 + Level 2.4 Shields
 + Level 7.0 Unarmed Combat
 + Level 5.6 Spellcasting
 + Level 2.0 Conjurations
 + Level 2.0 Hexes
 + Level 2.0 Charms
 + Level 2.0 Summonings
 + Level 2.0 Necromancy
 + Level 2.0 Translocations
 + Level 4.3 Transmutations
 + Level 2.0 Fire Magic
 + Level 2.0 Ice Magic
 + Level 2.0 Air Magic
 + Level 2.0 Earth Magic
 + Level 2.0 Poison Magic
 + Level 2.6 Invocations
 + Level 2.4 Evocations


You had 2 spell levels left.
You knew the following spells:

 Your Spells              Type           Power        Failure   Level  Hunger
a - Beastly Appendage     Tmut           ###...       10%         1    None
b - Sticks to Snakes      Tmut           ###.....     13%         2    #......
c - Spider Form           Tmut/Pois      ##........   30%         3    ###....
d - Ice Form              Ice/Tmut       ##......     61%         4    ####...
e - Blade Hands           Tmut           ###.......   78%         5    ######.

Your spell library contained the following spells:

 Spells                   Type           Power        Failure   Level  Hunger
 Corona                   Hex            ##.....      19%         1    None
 Ensorcelled Hibernation  Hex/Ice        ##....       26%         2    #......
 Confuse                  Hex            ##......     41%         3    ###....
 Dazzling Spray           Conj/Hex       ##....       41%         3    ###....
 Tukima's Dance           Hex            ##......     41%         3    ###....


Dungeon Overview and Level Annotations

Branches:
Dungeon (5/15)
 Temple: D:4-7

Altars:
Nemelex Xobeh
Xom

Shops:
D:4 *


Innate Abilities, Weirdness & Mutations

Your experience applies equally to all skills.
((You have very sharp teeth.))
Your uncanny sense of smell can sniff out nearby items.


Message History

The centaur misses you.
You hit the centaur.
The centaur is poisoned.
The centaur is moderately wounded.
The centaur closely misses you. x2
The centaur wields a +0 shortbow.
The centaur shoots an arrow.
The arrow closely misses you.
You see here 2 arrows.
The centaur shoots an arrow.
The arrow closely misses you.
The centaur unwields a +0 shortbow.
The centaur closely misses you.
You hit the centaur but do no damage.
The centaur looks as sick as possible!
The centaur is heavily wounded.
The centaur completely misses you.
You hit the centaur but do no damage.
The centaur looks as sick as possible!
The centaur is heavily wounded.
The centaur hits you.
* * * LOW HITPOINT WARNING * * *
The centaur barely misses you.
The centaur wields a +0 shortbow.
The centaur shoots an arrow.
The arrow hits you!
You die...

#####.8#
##.#.#...#..#
...# #.....8+
#..........#....#
#.###..+
#........÷......#
#####.####8+
#.........###.#.#
.........#8#
####.#.#.#.# #
#####÷##.###
#.##.#.#.#.#
#.##.#
#....#.#....
#.##.#
##c##(#.###..#
##.##.#
#...s.....#..#
#..##.#
#..##>#<#.#s.#
#.###.##....
..!.... .. #.#
#.####..#..#<....
.. #.# #.#
#..#.......## #.#
#.....###.##
####.###.##
#.##... ...
.............. .#
## ############


You could see a centaur.

Vanquished Creatures
  2 scorpions
  2 crimson imps
  An orc wizard (D:3)
  Ijyb (D:3)
  An iguana (D:5)
  3 worker ants
  Robin (D:2)
  8 adders
  A shadow imp (D:5)
  2 oozes
  A worm (D:2)
  A dart slug (D:2)
  5 leopard geckos
  12 orcs
  8 bats
  13 goblins
  13 hobgoblins
  2 quokkas
  A ball python (D:1)
  8 frilled lizards
  9 kobolds
  7 rats
102 creatures vanquished.

Vanquished Creatures (collateral kills)
  An ogre (D:4)
1 creature vanquished.

Grand Total: 103 creatures vanquished

Notes
Turn   | Place    | Note
-------+----------+-------------------------------------------
     0 | D:1      | myga the Gnoll Transmuter began the quest for the Orb.
     0 | D:1      | Reached XP level 1. HP: 17/17 MP: 6/6
   124 | D:1      | Reached XP level 2. HP: 20/23 MP: 5/7
   159 | D:1      | Learned a level 2 spell: Sticks to Snakes
   591 | D:2      | Reached skill level 5 in Spellcasting
   591 | D:2      | Reached XP level 3. HP: 16/28 MP: 6/9
   758 | D:2      | Found a shimmering altar of Xom.
   765 | D:2      | Reached skill level 1 in Invocations
   816 | D:2      | Reached skill level 1 in Short Blades
   816 | D:2      | Reached skill level 1 in Long Blades
   816 | D:2      | Reached skill level 1 in Axes
   816 | D:2      | Reached skill level 1 in Maces & Flails
   816 | D:2      | Reached skill level 1 in Polearms
   816 | D:2      | Reached skill level 1 in Staves
   816 | D:2      | Reached skill level 1 in Slings
   816 | D:2      | Reached skill level 1 in Bows
   816 | D:2      | Reached skill level 1 in Crossbows
   816 | D:2      | Reached skill level 1 in Throwing
   816 | D:2      | Reached skill level 1 in Armour
   816 | D:2      | Reached skill level 1 in Stealth
   816 | D:2      | Reached skill level 1 in Shields
   816 | D:2      | Reached skill level 1 in Evocations
   816 | D:2      | Reached XP level 4. HP: 22/34 MP: 9/11
   997 | D:2      | Learned a level 3 spell: Spider Form
  1002 | D:2      | Learned a level 4 spell: Ice Form
  1090 | D:2      | Identified the +0 helmet "Oqizuol" {Slay+5}
  1090 | D:2      | Noticed Robin
  1122 | D:2      | Killed Robin
  1122 | D:2      | Reached skill level 1 in Conjurations
  1122 | D:2      | Reached skill level 1 in Hexes
  1122 | D:2      | Reached skill level 1 in Charms
  1122 | D:2      | Reached skill level 1 in Summonings
  1122 | D:2      | Reached skill level 1 in Necromancy
  1122 | D:2      | Reached skill level 1 in Translocations
  1122 | D:2      | Reached skill level 1 in Fire Magic
  1122 | D:2      | Reached skill level 1 in Ice Magic
  1122 | D:2      | Reached skill level 1 in Air Magic
  1122 | D:2      | Reached skill level 1 in Earth Magic
  1122 | D:2      | Reached skill level 1 in Poison Magic
  1393 | D:2      | Reached XP level 5. HP: 40/40 MP: 12/12
  1797 | D:3      | Noticed Ijyb
  1806 | D:3      | Killed Ijyb
  2354 | D:3      | Reached XP level 6. HP: 34/47 MP: 11/13
  2400 | D:3      | Learned a level 5 spell: Blade Hands
  2668 | D:4      | Reached skill level 5 in Dodging
  2913 | D:4      | Reached XP level 7. HP: 52/52 MP: 10/15
  3005 | D:4      | Found a sparkling altar of Nemelex Xobeh.
  3040 | D:4      | Found Loocito's General Store.
  3378 | D:4      | Bought a scroll of teleportation for 33 gold pieces
  3378 | D:4      | Bought a scroll of teleportation for 33 gold pieces
  3397 | D:5      | Entered Level 5 of the Dungeon
  3454 | D:5      | Reached skill level 7 in Unarmed Combat
  3617 | D:5      | Shot with an arrow by a centaur

Skill      XL: |  1  2  3  4  5  6  7 |
---------------+----------------------+-----
Spellcasting   | 5 |  5.6
Invocations    | 1 2 |  2.6
Short Blades   | 1 2 |  2.4
Long Blades    | 1 2 |  2.4
Axes           | 1 2 |  2.4
Maces & Flails | 1 2 |  2.4
Polearms       | 1 2 |  2.4
Staves         | 1 2 |  2.4
Slings         | 1 2 |  2.4
Bows           | 1 2 |  2.4
Crossbows      | 1 2 |  2.4
Throwing       | 1 2 |  2.4
Armour         | 1 2 |  2.4
Stealth        | 1 2 |  2.4
Shields        | 1 2 |  2.4
Evocations     | 1 2 |  2.4
Conjurations   | 1 2 |  2.0
Hexes          | 1 2 |  2.0
Charms         | 1 2 |  2.0
Summonings     | 1 2 |  2.0
Necromancy     | 1 2 |  2.0
Translocations | 1 2 |  2.0
Fire Magic     | 1 2 |  2.0
Ice Magic      | 1 2 |  2.0
Air Magic      | 1 2 |  2.0
Earth Magic    | 1 2 |  2.0
Poison Magic   | 1 2 |  2.0
Fighting       | 3 |  3.5
Transmutations | 4 |  4.3
Dodging        | 5 |  5.2
Unarmed Combat | 7 |  7.0

Action                   |  1- 3 |  4- 6 |  7- 9 || total
-------------------------+-------+-------+-------++-------
Melee: Unarmed           |    70 |   133 |    35 ||   238
       Bite              |    10 |     9 |     2 ||    21
       Kick              |     4 |     4 |     2 ||    10
       Headbutt          |     3 |     3 |       ||     6
       Punch             |       |     4 |       ||     4
Throw: Stone             |       |    10 |     4 ||    14
 Cast: Beastly Appendage |    13 |    11 |     3 ||    27
       Spider Form       |       |     3 |     1 ||     4
       Sticks to Snakes  |       |     2 |     1 ||     3
Evoke: Wand              |       |     1 |       ||     1
  Use: Potion            |     1 |     2 |       ||     3
       Scroll            |       |     7 |     3 ||    10
 Stab: Sleeping          |     1 |     6 |     1 ||     8
  Eat: Chunk             |       |     7 |     2 ||     9
Armor: Robe              |     9 |    16 |     3 ||    28
Dodge: Dodged            |    53 |    83 |    28 ||   164
